[ PARTIDA AOE2 · #483464708 ]
UnrankedBohemios vs Persians
[ ANÁLISIS DE REPETICIÓN · EXTRAÍDO DE LA PARTIDA GRABADA ]
Feudal
—
Castillos
—
Imperial
—
| APM promedio | 24.4 |
| APM pico | 93 |
| eAPM promedio | 21.1 |
| Aldeanos / militares | 210 / 1820 |
Foco
⚔️ 41.6% · 🌾 58.4%
Spearman ×1016 · Scorpion ×477 · Bombard Cannon ×238 · Trade Cart ×136 · Hand Cannoneer ×36 · Hussite Wagon ×35
Feudal
—
Castillos
—
Imperial
—
| APM promedio | 41.7 |
| APM pico | 231 |
| eAPM promedio | 38.7 |
| Aldeanos / militares | 200 / 1624 |
Foco
⚔️ 62.3% · 🌾 37.7%
Spearman ×1276 · Militia ×190 · Bombard Cannon ×141 · Trade Cart ×93 · Mangonel ×17
Feudal
—
Castillos
—
Imperial
—
| APM promedio | 28.9 |
| APM pico | 102 |
| eAPM promedio | 27.9 |
| Aldeanos / militares | 118 / 2046 |
Foco
⚔️ 79.7% · 🌾 20.3%
War Elephant ×933 · Knight ×739 · Spearman ×146 · Camel Scout ×143 · Trade Cart ×75 · Mangonel ×47
Feudal
—
Castillos
—
Imperial
—
| APM promedio | 41.5 |
| APM pico | 89 |
| eAPM promedio | 34.7 |
| Aldeanos / militares | 207 / 3372 |
Foco
⚔️ 60.3% · 🌾 39.7%
Spearman ×795 · Mangonel ×584 · Militia ×555 · Boyar ×280 · Scorpion ×255 · Knight ×241
Feudal
—
Castillos
—
Imperial
—
| APM promedio | 29.6 |
| APM pico | 131 |
| eAPM promedio | 26.7 |
| Aldeanos / militares | 135 / 1468 |
Foco
⚔️ 62.5% · 🌾 37.5%
Scout Cavalry ×696 · Spearman ×407 · Camel Scout ×225 · Bombard Cannon ×100 · Trade Cart ×69 · Mangonel ×15
Feudal
—
Castillos
—
Imperial
—
| APM promedio | 12.7 |
| APM pico | 49 |
| eAPM promedio | 10.9 |
| Aldeanos / militares | 204 / 1850 |
Foco
⚔️ 53.1% · 🌾 46.9%
Spearman ×1043 · Scout Cavalry ×442 · Bombard Cannon ×238 · Organ Gun ×104 · Trade Cart ×101 · Knight ×18
Feudal
—
Castillos
—
Imperial
—
| APM promedio | 21.9 |
| APM pico | 71 |
| eAPM promedio | 20.9 |
| Aldeanos / militares | 145 / 5795 |
Foco
⚔️ 77.5% · 🌾 22.5%
Spearman ×3602 · War Elephant ×1494 · Bombard Cannon ×278 · Knight ×189 · Scorpion ×112 · Trade Cart ×61
Feudal
—
Castillos
—
Imperial
—
| APM promedio | 34.8 |
| APM pico | 311 |
| eAPM promedio | 27.5 |
| Aldeanos / militares | 310 / 2487 |
Foco
⚔️ 47.4% · 🌾 52.6%
Spearman ×925 · Militia ×452 · Bombard Cannon ×412 · Hand Cannoneer ×404 · Scorpion ×225 · Trade Cart ×161
Mapa de la partida
Recursos iniciales + cada clic de construcción. Líneas = muros · curvas = relieve. ◆ oro · ⬟ piedra · ● bayas · ✦ reliquia · ◌ hueco del cierre
Tu base· ✓ Cerrada en 12:00 · 0t muro · sin puerta
Base de Mauzic· ✓ Cerrada en 12:00 · 13t muro · 2 puerta(s)
Base de Gen_Medic· ✓ Cerrada en 12:00 · 0t muro · sin puerta
Base de SOMEONE HERE· ✓ Cerrada en 12:00 · 4t muro · 3 puerta(s)
Base de LUIS X EL SADICO· ✓ Cerrada en 12:00 · 16t muro · 2 puerta(s)
Base de Baby· ✓ Cerrada en 12:00 · 40t muro · 2 puerta(s)
Base de Chloe· ✓ Cerrada en 12:00 · 16t muro · 1 puerta(s)
Base de WNxkl· ✓ Cerrada en 12:00 · 27t muro · 2 puerta(s)
Terreno inicial suavizado · ◌ = hueco del cierre detectado · pasá el cursor para detalles
Inputs por minuto
— 420_GonZo - - Mauzic
Build order — 420_GonZo
Primeras 150 de 1257 acciones detectadas
| 0:02 | Crear | Villager (Male) |
| 0:02 | Crear | Villager (Male) |
| 0:03 | Crear | Villager (Male) |
| 0:03 | Crear | Villager (Male) |
| 0:08 | Construir | Market |
| 0:10 | Crear | Villager (Male) |
| 0:10 | Crear | Villager (Male) |
| 0:11 | Crear | Villager (Male) |
| 0:31 | Construir | Town Center |
| 0:44 | Construir | Market |
| 0:46 | Construir | Market |
| 0:54 | Construir | Siege Workshop |
| 0:55 | Crear | Villager (Male) |
| 0:55 | Crear | Villager (Male) |
| 0:55 | Crear | Villager (Male) |
| 0:56 | Crear | Villager (Male) |
| 0:56 | Crear | Villager (Male) |
| 1:00 | Crear | Villager (Male) |
| 1:00 | Crear | Villager (Male) |
| 1:01 | Crear | Villager (Male) |
| 1:01 | Crear | Villager (Male) |
| 1:01 | Crear | Villager (Male) |
| 1:08 | Construir | Town Center |
| 1:11 | Crear | Villager (Male) |
| 1:12 | Crear | Villager (Male) |
| 1:12 | Crear | Villager (Male) |
| 1:13 | Crear | Villager (Male) |
| 1:13 | Crear | Villager (Male) |
| 1:13 | Crear | Villager (Male) |
| 1:14 | Crear | Villager (Male) |
| 1:19 | Construir | House |
| 1:21 | Construir | House |
| 1:22 | Construir | House |
| 1:22 | Construir | House |
| 1:22 | Construir | House |
| 1:23 | Construir | House |
| 1:23 | Construir | House |
| 1:26 | Construir | House |
| 1:26 | Construir | House |
| 1:27 | Construir | House |
| 1:27 | Construir | House |
| 1:33 | Crear | Mangonel |
| 1:34 | Crear | Mangonel |
| 1:34 | Crear | Mangonel |
| 1:35 | Crear | Villager (Male) |
| 1:35 | Crear | Villager (Male) |
| 1:36 | Crear | Villager (Male) |
| 1:36 | Crear | Villager (Male) |
| 1:36 | Crear | Villager (Male) |
| 1:37 | Crear | Villager (Male) |
| 1:37 | Crear | Villager (Male) |
| 1:37 | Crear | Villager (Male) |
| 1:38 | Crear | Villager (Male) |
| 1:38 | Crear | Villager (Male) |
| 1:40 | Construir | Town Center |
| 1:52 | Construir | Town Center |
| 1:55 | Crear | Villager (Male) |
| 1:55 | Crear | Villager (Male) |
| 1:56 | Crear | Villager (Male) |
| 1:56 | Crear | Villager (Male) |
| 1:56 | Crear | Villager (Male) |
| 1:59 | Crear | Villager (Male) |
| 1:59 | Crear | Villager (Male) |
| 2:00 | Crear | Villager (Male) |
| 2:00 | Crear | Villager (Male) |
| 2:00 | Crear | Villager (Male) |
| 2:01 | Crear | Villager (Male) |
| 2:03 | Crear | Trade Cart |
| 2:04 | Crear | Trade Cart |
| 2:04 | Crear | Trade Cart |
| 2:04 | Crear | Trade Cart |
| 2:04 | Crear | Trade Cart |
| 2:15 | Crear | Villager (Male) |
| 2:16 | Crear | Villager (Male) |
| 2:16 | Crear | Villager (Male) |
| 2:19 | Construir | Market |
| 2:20 | Construir | Market |
| 2:21 | Construir | Market |
| 2:22 | Construir | Market |
| 2:23 | Construir | Market |
| 2:24 | Crear | Villager (Male) |
| 2:25 | Crear | Villager (Male) |
| 2:25 | Crear | Villager (Male) |
| 2:25 | Crear | Villager (Male) |
| 2:26 | Crear | Villager (Male) |
| 2:26 | Crear | Villager (Male) |
| 2:28 | Construir | House |
| 2:28 | Construir | House |
| 2:29 | Construir | House |
| 2:29 | Construir | House |
| 2:29 | Construir | House |
| 2:30 | Construir | House |
| 2:31 | Construir | House |
| 2:34 | Crear | Villager (Male) |
| 2:35 | Crear | Villager (Male) |
| 2:35 | Crear | Villager (Male) |
| 2:35 | Crear | Villager (Male) |
| 2:36 | Crear | Villager (Male) |
| 2:37 | Crear | Villager (Male) |
| 2:37 | Crear | Villager (Male) |
| 2:37 | Crear | Villager (Male) |
| 2:38 | Crear | Villager (Male) |
| 2:38 | Crear | Villager (Male) |
| 2:39 | Construir | Town Center |
| 2:40 | Crear | Villager (Male) |
| 2:40 | Crear | Villager (Male) |
| 2:40 | Crear | Villager (Male) |
| 2:41 | Crear | Villager (Male) |
| 2:41 | Crear | Villager (Male) |
| 2:41 | Crear | Villager (Male) |
| 2:45 | Construir | Town Center |
| 2:46 | Crear | Villager (Male) |
| 2:46 | Crear | Villager (Male) |
| 2:48 | Crear | Villager (Male) |
| 2:49 | Crear | Villager (Male) |
| 2:49 | Crear | Villager (Male) |
| 2:52 | Construir | Town Center |
| 2:55 | Construir | Town Center |
| 2:56 | Crear | Villager (Male) |
| 2:56 | Crear | Villager (Male) |
| 2:58 | Crear | Villager (Male) |
| 2:59 | Crear | Villager (Male) |
| 2:59 | Crear | Villager (Male) |
| 2:59 | Crear | Villager (Male) |
| 3:00 | Crear | Villager (Male) |
| 3:00 | Crear | Villager (Male) |
| 3:00 | Crear | Villager (Male) |
| 3:01 | Crear | Villager (Male) |
| 3:01 | Crear | Villager (Male) |
| 3:01 | Crear | Villager (Male) |
| 3:02 | Crear | Villager (Male) |
| 3:15 | Construir | Town Center |
| 3:16 | Crear | Villager (Male) |
| 3:16 | Crear | Villager (Male) |
| 3:16 | Crear | Villager (Male) |
| 3:17 | Crear | Villager (Male) |
| 3:17 | Crear | Villager (Male) |
| 3:17 | Crear | Villager (Male) |
| 3:18 | Crear | Villager (Male) |
| 3:19 | Construir | Town Center |
| 3:23 | Construir | Mining Camp |
| 3:27 | Construir | Mining Camp |
| 3:28 | Crear | Villager (Male) |
| 3:28 | Crear | Villager (Male) |
| 3:28 | Crear | Villager (Male) |
| 3:29 | Crear | Villager (Male) |
| 3:29 | Crear | Villager (Male) |
| 3:35 | Construir | House |
| 3:39 | Construir | House |
| 3:40 | Construir | House |
Build order — Mauzic
Primeras 150 de 2249 acciones detectadas
| 0:08 | Construir | Town Center |
| 0:11 | Construir | Town Center |
| 0:14 | Construir | Town Center |
| 0:17 | Construir | Town Center |
| 0:17 | Crear | Villager (Male) |
| 0:19 | Crear | Villager (Male) |
| 0:19 | Crear | Villager (Male) |
| 0:22 | Crear | Villager (Male) |
| 0:23 | Crear | Villager (Male) |
| 0:25 | Construir | Town Center |
| 0:27 | Construir | Town Center |
| 0:47 | Construir | Town Center |
| 0:49 | Construir | Town Center |
| 1:08 | Crear | Villager (Male) |
| 1:08 | Crear | Villager (Male) |
| 1:09 | Crear | Villager (Male) |
| 1:09 | Crear | Villager (Male) |
| 1:09 | Crear | Villager (Male) |
| 1:23 | Crear | Villager (Male) |
| 1:23 | Crear | Villager (Male) |
| 1:24 | Crear | Villager (Male) |
| 1:24 | Crear | Villager (Male) |
| 1:31 | Crear | Villager (Male) |
| 1:31 | Crear | Villager (Male) |
| 1:47 | Crear | Villager (Male) |
| 1:48 | Crear | Villager (Male) |
| 1:48 | Crear | Villager (Male) |
| 1:48 | Crear | Villager (Male) |
| 1:48 | Crear | Villager (Male) |
| 1:49 | Crear | Villager (Male) |
| 1:50 | Crear | Villager (Male) |
| 1:50 | Crear | Villager (Male) |
| 1:52 | Crear | Villager (Male) |
| 1:53 | Crear | Villager (Male) |
| 1:58 | Construir | Lumber Camp |
| 2:02 | Construir | Lumber Camp |
| 2:06 | Crear | Villager (Male) |
| 2:06 | Crear | Villager (Male) |
| 2:07 | Crear | Villager (Male) |
| 2:09 | Crear | Villager (Male) |
| 2:09 | Crear | Villager (Male) |
| 2:10 | Crear | Villager (Male) |
| 2:16 | Construir | House |
| 2:17 | Construir | House |
| 2:18 | Construir | House |
| 2:19 | Construir | House |
| 2:21 | Construir | House |
| 2:22 | Construir | House |
| 2:23 | Construir | House |
| 2:24 | Construir | House |
| 2:25 | Construir | House |
| 2:26 | Construir | House |
| 2:27 | Construir | House |
| 2:27 | Construir | House |
| 2:29 | Construir | House |
| 2:30 | Construir | House |
| 2:32 | Construir | House |
| 2:32 | Construir | House |
| 2:34 | Construir | House |
| 2:35 | Construir | House |
| 2:37 | Construir | House |
| 2:39 | Construir | House |
| 2:41 | Crear | Villager (Male) |
| 2:41 | Crear | Villager (Male) |
| 2:42 | Crear | Villager (Male) |
| 2:45 | Crear | Villager (Male) |
| 2:45 | Crear | Villager (Male) |
| 2:46 | Crear | Villager (Male) |
| 2:47 | Crear | Villager (Male) |
| 2:47 | Crear | Villager (Male) |
| 2:48 | Crear | Villager (Male) |
| 2:52 | Construir | Lumber Camp |
| 2:55 | Construir | Lumber Camp |
| 2:58 | Construir | Lumber Camp |
| 3:02 | Construir | Lumber Camp |
| 3:03 | Crear | Villager (Male) |
| 3:04 | Crear | Villager (Male) |
| 3:06 | Crear | Villager (Male) |
| 3:07 | Crear | Villager (Male) |
| 3:08 | Crear | Villager (Male) |
| 3:08 | Crear | Villager (Male) |
| 3:09 | Crear | Villager (Male) |
| 3:10 | Crear | Villager (Male) |
| 3:11 | Crear | Villager (Male) |
| 3:11 | Crear | Villager (Male) |
| 3:12 | Crear | Villager (Male) |
| 3:13 | Crear | Villager (Male) |
| 3:14 | Crear | Villager (Male) |
| 3:21 | Crear | Villager (Male) |
| 3:21 | Crear | Villager (Male) |
| 3:38 | Construir | Stone Wall |
| 3:40 | Construir | Gate |
| 3:41 | Construir | Gate |
| 3:52 | Crear | Villager (Male) |
| 3:52 | Crear | Villager (Male) |
| 3:53 | Crear | Villager (Male) |
| 3:54 | Crear | Villager (Male) |
| 3:54 | Crear | Villager (Male) |
| 3:56 | Crear | Villager (Male) |
| 3:56 | Crear | Villager (Male) |
| 3:57 | Crear | Villager (Male) |
| 3:58 | Crear | Villager (Male) |
| 3:58 | Crear | Villager (Male) |
| 3:59 | Crear | Villager (Male) |
| 4:00 | Crear | Villager (Male) |
| 4:00 | Crear | Villager (Male) |
| 4:01 | Crear | Villager (Male) |
| 4:02 | Crear | Villager (Male) |
| 4:39 | Crear | Villager (Male) |
| 4:39 | Crear | Villager (Male) |
| 4:39 | Crear | Villager (Male) |
| 4:40 | Crear | Villager (Male) |
| 4:40 | Crear | Villager (Male) |
| 4:40 | Crear | Villager (Male) |
| 4:41 | Crear | Villager (Male) |
| 4:42 | Crear | Villager (Male) |
| 4:42 | Crear | Villager (Male) |
| 4:43 | Crear | Villager (Male) |
| 4:43 | Crear | Villager (Male) |
| 4:54 | Crear | Villager (Male) |
| 4:54 | Crear | Villager (Male) |
| 4:55 | Crear | Villager (Male) |
| 4:57 | Crear | Villager (Male) |
| 4:57 | Crear | Villager (Male) |
| 5:27 | Construir | House |
| 5:28 | Construir | House |
| 5:30 | Construir | House |
| 5:31 | Construir | House |
| 5:33 | Construir | House |
| 5:34 | Construir | House |
| 5:36 | Construir | House |
| 5:40 | Construir | House |
| 5:41 | Construir | House |
| 5:42 | Construir | House |
| 5:43 | Construir | House |
| 5:44 | Construir | House |
| 5:46 | Crear | Villager (Male) |
| 5:46 | Crear | Villager (Male) |
| 5:47 | Crear | Villager (Male) |
| 5:48 | Crear | Villager (Male) |
| 5:49 | Crear | Villager (Male) |
| 5:49 | Crear | Villager (Male) |
| 5:50 | Crear | Villager (Male) |
| 5:51 | Crear | Villager (Male) |
| 5:58 | Construir | Market |
| 6:01 | Construir | Market |
| 6:04 | Construir | Market |
| 6:10 | Construir | Market |
| 6:25 | Crear | Villager (Male) |
| 6:25 | Crear | Villager (Male) |
Build order — Gen_Medic
Primeras 150 de 2472 acciones detectadas
| 0:07 | Crear | Villager (Male) |
| 0:08 | Crear | Villager (Male) |
| 0:08 | Crear | Villager (Male) |
| 0:15 | Construir | Castle |
| 0:21 | Crear | Villager (Male) |
| 0:21 | Crear | Villager (Male) |
| 0:21 | Crear | Villager (Male) |
| 0:22 | Crear | Villager (Male) |
| 0:30 | Crear | Villager (Male) |
| 0:30 | Crear | Villager (Male) |
| 0:30 | Crear | Villager (Male) |
| 0:30 | Crear | Villager (Male) |
| 0:31 | Crear | Villager (Male) |
| 0:31 | Crear | Villager (Male) |
| 0:31 | Crear | Villager (Male) |
| 0:32 | Crear | Villager (Male) |
| 0:32 | Crear | Villager (Male) |
| 0:40 | Construir | House |
| 0:53 | Crear | Villager (Male) |
| 1:18 | Crear | Villager (Male) |
| 1:48 | Investigar | Spies/Treason |
| 1:49 | Investigar | Spies/Treason |
| 1:55 | Crear | Villager (Male) |
| 1:56 | Crear | Villager (Male) |
| 1:56 | Crear | Villager (Male) |
| 2:07 | Construir | Monastery |
| 2:08 | Construir | Monastery |
| 2:09 | Construir | Monastery |
| 2:10 | Construir | Monastery |
| 2:11 | Construir | Monastery |
| 2:13 | Construir | Monastery |
| 2:27 | Construir | Town Center |
| 2:40 | Construir | House |
| 2:42 | Construir | House |
| 2:43 | Construir | House |
| 2:44 | Construir | House |
| 2:46 | Construir | House |
| 2:48 | Construir | House |
| 2:50 | Construir | House |
| 3:11 | Construir | Market |
| 3:13 | Construir | Market |
| 3:17 | Construir | Market |
| 3:24 | Construir | Market |
| 3:26 | Construir | Market |
| 3:37 | Crear | Villager (Male) |
| 3:37 | Crear | Villager (Male) |
| 3:38 | Crear | Villager (Male) |
| 3:38 | Crear | Villager (Male) |
| 3:38 | Crear | Villager (Male) |
| 3:39 | Crear | Villager (Male) |
| 3:39 | Crear | Villager (Male) |
| 3:39 | Crear | Villager (Male) |
| 3:39 | Crear | Villager (Male) |
| 3:40 | Crear | Villager (Male) |
| 3:40 | Crear | Villager (Male) |
| 3:40 | Crear | Villager (Male) |
| 3:41 | Crear | Villager (Male) |
| 3:41 | Crear | Villager (Male) |
| 3:41 | Crear | Villager (Male) |
| 3:43 | Crear | Villager (Male) |
| 3:44 | Crear | Villager (Male) |
| 3:44 | Crear | Villager (Male) |
| 3:44 | Crear | Villager (Male) |
| 3:45 | Crear | Villager (Male) |
| 3:45 | Crear | Villager (Male) |
| 3:56 | Construir | Town Center |
| 4:08 | Construir | Town Center |
| 4:23 | Crear | Monk |
| 4:41 | Crear | Monk |
| 4:45 | Crear | Monk |
| 5:01 | Crear | Monk |
| 5:26 | Construir | Barracks |
| 5:28 | Construir | Barracks |
| 5:29 | Construir | Barracks |
| 5:31 | Construir | Barracks |
| 5:36 | Construir | Stable |
| 5:38 | Construir | Stable |
| 5:39 | Construir | Stable |
| 5:42 | Construir | Stable |
| 5:47 | Construir | Siege Workshop |
| 6:12 | Construir | House |
| 6:14 | Construir | House |
| 6:15 | Construir | House |
| 6:17 | Construir | House |
| 6:34 | Construir | Castle |
| 6:38 | Construir | Castle |
| 6:47 | Crear | Villager (Male) |
| 6:48 | Crear | Villager (Male) |
| 6:48 | Crear | Villager (Male) |
| 6:48 | Crear | Villager (Male) |
| 6:49 | Crear | Villager (Male) |
| 6:49 | Crear | Villager (Male) |
| 6:49 | Crear | Villager (Male) |
| 6:49 | Crear | Villager (Male) |
| 6:50 | Crear | Villager (Male) |
| 6:51 | Crear | Villager (Male) |
| 6:52 | Crear | Villager (Male) |
| 6:52 | Crear | Villager (Male) |
| 6:52 | Crear | Villager (Male) |
| 6:52 | Crear | Villager (Male) |
| 6:53 | Crear | Villager (Male) |
| 6:53 | Crear | Villager (Male) |
| 6:53 | Crear | Villager (Male) |
| 6:54 | Crear | Villager (Male) |
| 6:56 | Crear | Villager (Male) |
| 6:56 | Crear | Villager (Male) |
| 6:56 | Crear | Villager (Male) |
| 6:57 | Crear | Villager (Male) |
| 6:57 | Crear | Villager (Male) |
| 6:57 | Crear | Villager (Male) |
| 6:58 | Crear | Villager (Male) |
| 6:58 | Crear | Villager (Male) |
| 6:58 | Crear | Villager (Male) |
| 6:59 | Crear | Villager (Male) |
| 6:59 | Crear | Villager (Male) |
| 6:59 | Crear | Villager (Male) |
| 7:00 | Crear | Villager (Male) |
| 7:00 | Crear | Villager (Male) |
| 7:00 | Crear | Villager (Male) |
| 7:13 | Construir | Monastery |
| 7:36 | Construir | Town Center |
| 7:49 | Crear | Villager (Male) |
| 7:50 | Crear | Villager (Male) |
| 7:50 | Crear | Villager (Male) |
| 7:50 | Crear | Villager (Male) |
| 7:51 | Crear | Villager (Male) |
| 7:51 | Crear | Villager (Male) |
| 7:51 | Crear | Villager (Male) |
| 7:51 | Crear | Villager (Male) |
| 7:52 | Crear | Villager (Male) |
| 7:52 | Crear | Villager (Male) |
| 7:52 | Crear | Villager (Male) |
| 7:53 | Crear | Villager (Male) |
| 7:53 | Crear | Villager (Male) |
| 7:53 | Crear | Villager (Male) |
| 7:54 | Crear | Villager (Male) |
| 7:54 | Crear | Villager (Male) |
| 8:10 | Construir | Castle |
| 8:26 | Construir | Siege Workshop |
| 8:37 | Crear | Trade Cart |
| 8:38 | Crear | Trade Cart |
| 8:38 | Crear | Trade Cart |
| 8:38 | Crear | Trade Cart |
| 8:38 | Crear | Trade Cart |
| 8:39 | Crear | Trade Cart |
| 8:39 | Crear | Trade Cart |
| 8:39 | Crear | Trade Cart |
| 8:39 | Crear | Trade Cart |
| 8:40 | Crear | Trade Cart |
| 8:40 | Crear | Trade Cart |
Build order — SOMEONE HERE
Primeras 150 de 1226 acciones detectadas
| 0:04 | Crear | Villager (Male) |
| 0:04 | Crear | Villager (Male) |
| 0:04 | Crear | Villager (Male) |
| 0:05 | Crear | Villager (Male) |
| 0:05 | Crear | Villager (Male) |
| 0:13 | Construir | Market |
| 0:19 | Construir | House |
| 0:20 | Construir | House |
| 0:20 | Construir | House |
| 0:20 | Construir | House |
| 0:20 | Construir | House |
| 0:21 | Construir | House |
| 0:21 | Construir | House |
| 0:27 | Crear | Villager (Male) |
| 0:47 | Construir | Town Center |
| 0:50 | Crear | Villager (Male) |
| 0:50 | Crear | Villager (Male) |
| 0:59 | Construir | House |
| 1:01 | Construir | House |
| 1:02 | Construir | House |
| 1:07 | Construir | House |
| 1:09 | Construir | House |
| 1:09 | Construir | House |
| 1:11 | Construir | House |
| 1:11 | Construir | House |
| 1:11 | Construir | House |
| 1:12 | Construir | House |
| 1:12 | Construir | House |
| 1:12 | Construir | House |
| 1:13 | Construir | House |
| 1:24 | Construir | Town Center |
| 1:26 | Construir | Town Center |
| 1:28 | Construir | Town Center |
| 1:32 | Crear | Villager (Male) |
| 1:32 | Crear | Villager (Male) |
| 1:33 | Crear | Villager (Male) |
| 1:36 | Crear | Villager (Male) |
| 1:36 | Crear | Villager (Male) ×5 |
| 1:36 | Crear | Villager (Male) ×5 |
| 1:39 | Crear | Villager (Male) |
| 1:39 | Crear | Villager (Male) |
| 1:39 | Crear | Villager (Male) |
| 1:41 | Crear | Villager (Male) |
| 1:41 | Crear | Villager (Male) ×5 |
| 1:42 | Crear | Villager (Male) ×5 |
| 1:54 | Construir | Market |
| 1:54 | Construir | Market |
| 1:55 | Construir | Market |
| 1:56 | Construir | Market |
| 1:56 | Construir | Market |
| 1:56 | Construir | Market |
| 1:56 | Construir | Market |
| 1:57 | Construir | Market |
| 1:57 | Construir | Market |
| 1:57 | Construir | Market |
| 1:58 | Construir | Market |
| 1:58 | Construir | Market |
| 1:58 | Construir | Market |
| 2:00 | Construir | Market |
| 2:01 | Construir | Market |
| 2:01 | Construir | Market |
| 2:01 | Construir | Market |
| 2:02 | Construir | Market |
| 2:08 | Crear | Villager (Male) |
| 2:08 | Crear | Villager (Male) |
| 2:18 | Crear | Villager (Male) |
| 2:18 | Crear | Villager (Male) |
| 2:18 | Crear | Villager (Male) |
| 2:25 | Crear | Trade Cart |
| 2:46 | Construir | Monastery |
| 2:47 | Construir | Monastery |
| 2:55 | Crear | Villager (Male) |
| 2:58 | Crear | Villager (Male) |
| 2:58 | Crear | Villager (Male) ×5 |
| 2:59 | Crear | Villager (Male) ×5 |
| 2:59 | Crear | Villager (Male) ×5 |
| 2:59 | Crear | Villager (Male) ×5 |
| 2:59 | Crear | Villager (Male) ×5 |
| 2:59 | Crear | Villager (Male) ×5 |
| 3:00 | Crear | Villager (Male) ×5 |
| 3:08 | Construir | House |
| 3:09 | Construir | House |
| 3:10 | Construir | House |
| 3:12 | Construir | House |
| 3:12 | Construir | House |
| 3:12 | Construir | House |
| 3:12 | Construir | House |
| 3:13 | Construir | House |
| 3:13 | Construir | House |
| 3:13 | Construir | House |
| 3:13 | Construir | House |
| 3:14 | Construir | House |
| 3:14 | Construir | House |
| 3:15 | Construir | House |
| 3:15 | Construir | House |
| 3:17 | Construir | House |
| 3:32 | Crear | Trade Cart ×5 |
| 3:32 | Crear | Trade Cart ×5 |
| 3:34 | Crear | Trade Cart ×5 |
| 3:34 | Crear | Trade Cart ×5 |
| 3:34 | Crear | Trade Cart ×5 |
| 3:34 | Crear | Trade Cart ×5 |
| 3:41 | Crear | Monk ×5 |
| 4:04 | Construir | Barracks |
| 4:05 | Construir | Barracks |
| 4:05 | Construir | Barracks |
| 4:06 | Construir | Barracks |
| 4:08 | Construir | Barracks |
| 4:09 | Construir | Barracks |
| 4:09 | Construir | Barracks |
| 4:10 | Construir | Barracks |
| 4:10 | Construir | Barracks |
| 4:11 | Construir | Barracks |
| 4:11 | Construir | Barracks |
| 4:21 | Construir | Town Center |
| 4:28 | Crear | Villager (Male) |
| 4:28 | Crear | Villager (Male) |
| 4:28 | Crear | Villager (Male) |
| 4:38 | Construir | Castle |
| 4:44 | Construir | Town Center |
| 4:52 | Crear | Villager (Male) |
| 5:03 | Crear | Villager (Male) ×5 |
| 5:07 | Crear | Trade Cart ×5 |
| 5:07 | Crear | Trade Cart ×5 |
| 5:07 | Crear | Trade Cart ×5 |
| 5:12 | Crear | Trade Cart ×5 |
| 5:44 | Construir | Farm |
| 5:44 | Construir | Farm |
| 5:44 | Construir | Farm |
| 5:44 | Construir | Farm |
| 5:45 | Construir | Farm |
| 5:45 | Construir | Farm |
| 5:45 | Construir | Farm |
| 5:45 | Construir | Farm |
| 5:46 | Construir | Farm |
| 5:46 | Construir | Farm |
| 5:46 | Construir | Farm |
| 5:46 | Construir | Farm |
| 5:47 | Construir | Farm |
| 5:47 | Construir | Farm |
| 5:47 | Construir | Farm |
| 5:48 | Construir | Farm |
| 5:48 | Construir | Farm |
| 5:48 | Construir | Farm |
| 5:49 | Construir | Farm |
| 5:49 | Construir | Farm |
| 5:49 | Construir | Farm |
| 5:50 | Construir | Farm |
| 5:50 | Construir | Farm |
| 5:50 | Construir | Farm |
Build order — LUIS X EL SADICO
Primeras 150 de 1924 acciones detectadas
| 0:08 | Construir | Town Center |
| 0:11 | Construir | Town Center |
| 0:15 | Construir | Town Center |
| 0:16 | Construir | Town Center |
| 0:18 | Construir | Town Center |
| 0:22 | Construir | Town Center |
| 0:24 | Construir | Town Center |
| 0:26 | Construir | Town Center |
| 0:28 | Construir | Town Center |
| 0:30 | Construir | Town Center |
| 0:31 | Crear | Villager (Male) |
| 0:31 | Crear | Villager (Male) |
| 0:32 | Crear | Villager (Male) |
| 0:32 | Crear | Villager (Male) |
| 0:33 | Crear | Villager (Male) |
| 0:33 | Crear | Villager (Male) |
| 0:33 | Crear | Villager (Male) |
| 0:33 | Crear | Villager (Male) |
| 0:34 | Crear | Villager (Male) |
| 0:34 | Crear | Villager (Male) |
| 0:34 | Crear | Villager (Male) |
| 0:34 | Crear | Villager (Male) |
| 0:35 | Crear | Villager (Male) |
| 0:35 | Crear | Villager (Male) |
| 0:36 | Crear | Villager (Male) |
| 0:36 | Crear | Villager (Male) |
| 0:53 | Crear | Villager (Male) |
| 0:53 | Crear | Villager (Male) |
| 0:54 | Crear | Villager (Male) |
| 0:54 | Crear | Villager (Male) |
| 0:54 | Crear | Villager (Male) |
| 0:55 | Crear | Villager (Male) |
| 0:55 | Crear | Villager (Male) |
| 0:55 | Crear | Villager (Male) |
| 0:55 | Crear | Villager (Male) |
| 0:56 | Crear | Villager (Male) |
| 0:56 | Crear | Villager (Male) |
| 0:56 | Crear | Villager (Male) |
| 0:57 | Crear | Villager (Male) |
| 0:57 | Crear | Villager (Male) |
| 0:57 | Crear | Villager (Male) |
| 0:57 | Crear | Villager (Male) |
| 1:04 | Construir | House |
| 1:06 | Construir | House |
| 1:09 | Construir | House |
| 1:12 | Construir | House |
| 1:12 | Construir | House |
| 1:13 | Construir | House |
| 1:13 | Construir | House |
| 1:14 | Construir | House |
| 1:14 | Construir | House |
| 1:20 | Construir | House |
| 1:20 | Construir | House |
| 1:22 | Construir | House |
| 1:22 | Construir | House |
| 1:22 | Construir | House |
| 1:25 | Construir | House |
| 1:26 | Construir | House |
| 1:26 | Construir | House |
| 1:27 | Construir | House |
| 1:27 | Construir | House |
| 1:28 | Construir | House |
| 1:28 | Construir | House |
| 1:29 | Construir | House |
| 1:29 | Construir | House |
| 1:31 | Construir | House |
| 1:44 | Construir | Market |
| 1:48 | Construir | Market |
| 1:51 | Construir | Market |
| 1:57 | Construir | Castle |
| 2:01 | Crear | Villager (Male) |
| 2:01 | Crear | Villager (Male) |
| 2:02 | Crear | Villager (Male) |
| 2:02 | Crear | Villager (Male) |
| 2:02 | Crear | Villager (Male) |
| 2:03 | Crear | Villager (Male) |
| 2:03 | Crear | Villager (Male) |
| 2:08 | Construir | Stable |
| 2:09 | Construir | Stable |
| 2:11 | Construir | Stable |
| 2:12 | Construir | Stable |
| 2:14 | Construir | Stable |
| 2:15 | Construir | Stable |
| 2:16 | Construir | Stable |
| 2:17 | Construir | Stable |
| 2:19 | Construir | Stable |
| 2:23 | Construir | Castle |
| 2:26 | Crear | Villager (Male) |
| 2:26 | Crear | Villager (Male) |
| 2:27 | Crear | Villager (Male) |
| 2:27 | Crear | Villager (Male) |
| 2:27 | Crear | Villager (Male) |
| 2:28 | Crear | Villager (Male) |
| 2:29 | Crear | Villager (Male) |
| 2:29 | Crear | Villager (Male) |
| 2:29 | Crear | Villager (Male) |
| 2:29 | Crear | Villager (Male) |
| 2:30 | Crear | Villager (Male) |
| 2:40 | Construir | Stone Wall |
| 2:42 | Construir | Gate |
| 2:45 | Construir | Gate |
| 2:48 | Construir | Barracks |
| 2:49 | Construir | Barracks |
| 2:49 | Construir | Barracks |
| 2:50 | Construir | Barracks |
| 2:52 | Construir | Barracks |
| 2:52 | Construir | Barracks |
| 2:53 | Construir | Barracks |
| 2:54 | Construir | Barracks |
| 2:55 | Construir | Barracks |
| 2:56 | Construir | Barracks |
| 2:57 | Construir | Barracks |
| 2:59 | Construir | Barracks |
| 3:00 | Construir | Barracks |
| 3:05 | Crear | Villager (Male) |
| 3:06 | Crear | Villager (Male) |
| 3:06 | Crear | Villager (Male) |
| 3:06 | Crear | Villager (Male) |
| 3:07 | Crear | Villager (Male) |
| 3:07 | Crear | Villager (Male) |
| 3:07 | Crear | Villager (Male) |
| 3:08 | Crear | Villager (Male) |
| 3:08 | Crear | Villager (Male) |
| 3:08 | Crear | Villager (Male) |
| 3:08 | Crear | Villager (Male) |
| 3:09 | Crear | Villager (Male) |
| 3:09 | Crear | Villager (Male) |
| 3:09 | Crear | Villager (Male) |
| 3:10 | Crear | Villager (Male) |
| 3:10 | Crear | Villager (Male) |
| 3:10 | Crear | Villager (Male) |
| 3:11 | Crear | Villager (Male) |
| 3:11 | Crear | Villager (Male) |
| 3:11 | Crear | Villager (Male) |
| 3:12 | Crear | Villager (Male) |
| 3:12 | Crear | Villager (Male) |
| 3:12 | Crear | Villager (Male) |
| 3:13 | Crear | Villager (Male) |
| 3:13 | Crear | Villager (Male) |
| 3:13 | Crear | Villager (Male) |
| 3:14 | Crear | Villager (Male) |
| 3:14 | Crear | Villager (Male) |
| 3:14 | Crear | Villager (Male) |
| 3:15 | Crear | Villager (Male) |
| 3:15 | Crear | Villager (Male) |
| 3:15 | Crear | Villager (Male) |
| 3:16 | Crear | Villager (Male) |
| 3:16 | Crear | Villager (Male) |
| 3:16 | Crear | Villager (Male) |
| 3:17 | Crear | Villager (Male) |
Build order — Baby
Primeras 150 de 737 acciones detectadas
| 0:02 | Crear | Villager (Male) |
| 0:02 | Crear | Villager (Male) |
| 0:03 | Crear | Villager (Male) |
| 0:03 | Crear | Villager (Male) |
| 0:03 | Crear | Villager (Male) |
| 0:08 | Construir | House |
| 0:15 | Construir | House |
| 0:17 | Construir | House |
| 0:18 | Construir | House |
| 0:34 | Construir | Stone Wall |
| 0:47 | Construir | Town Center |
| 1:06 | Construir | Market |
| 1:16 | Construir | Market |
| 1:52 | Construir | Mining Camp |
| 1:59 | Crear | Villager (Male) ×5 |
| 1:59 | Crear | Villager (Male) ×5 |
| 1:59 | Crear | Villager (Male) ×5 |
| 2:00 | Crear | Villager (Male) ×5 |
| 2:14 | Construir | Town Center |
| 2:32 | Construir | House |
| 2:32 | Construir | House |
| 2:33 | Construir | House |
| 2:34 | Construir | House |
| 2:34 | Construir | House |
| 2:35 | Construir | House |
| 2:35 | Construir | House |
| 2:36 | Construir | House |
| 2:40 | Construir | House |
| 2:40 | Construir | House |
| 2:40 | Construir | House |
| 2:41 | Construir | House |
| 2:42 | Construir | House |
| 2:42 | Construir | House |
| 2:43 | Construir | House |
| 2:43 | Construir | House |
| 2:49 | Construir | House |
| 2:49 | Construir | House |
| 2:50 | Construir | House |
| 2:50 | Construir | House |
| 2:51 | Construir | House |
| 2:51 | Construir | House |
| 2:52 | Construir | House |
| 2:54 | Construir | House |
| 2:55 | Construir | House |
| 3:12 | Construir | Town Center |
| 3:16 | Crear | Villager (Male) ×3 |
| 3:16 | Crear | Villager (Male) ×3 |
| 3:16 | Crear | Villager (Male) ×3 |
| 3:21 | Crear | Villager (Male) ×5 |
| 3:21 | Crear | Villager (Male) ×5 |
| 3:21 | Crear | Villager (Male) ×5 |
| 3:22 | Crear | Villager (Male) ×5 |
| 3:22 | Crear | Villager (Male) ×5 |
| 3:27 | Crear | Villager (Male) ×5 |
| 3:27 | Crear | Villager (Male) ×5 |
| 3:27 | Crear | Villager (Male) ×5 |
| 3:28 | Crear | Villager (Male) ×5 |
| 3:55 | Construir | Market |
| 4:17 | Construir | Siege Workshop |
| 4:22 | Construir | Barracks |
| 4:31 | Construir | Siege Workshop |
| 4:47 | Construir | Barracks |
| 4:57 | Crear | Bombard Cannon ×5 |
| 4:57 | Crear | Bombard Cannon ×5 |
| 4:58 | Crear | Bombard Cannon ×5 |
| 4:58 | Crear | Bombard Cannon ×5 |
| 4:58 | Crear | Bombard Cannon ×5 |
| 5:13 | Crear | Villager (Male) ×5 |
| 5:13 | Crear | Villager (Male) ×5 |
| 5:13 | Crear | Villager (Male) ×5 |
| 5:14 | Crear | Villager (Male) ×5 |
| 5:14 | Crear | Villager (Male) ×5 |
| 5:32 | Construir | Feitoria |
| 5:47 | Construir | House |
| 5:47 | Construir | House |
| 5:48 | Construir | House |
| 5:48 | Construir | House |
| 5:49 | Construir | House |
| 5:49 | Construir | House |
| 5:51 | Construir | House |
| 5:51 | Construir | House |
| 5:53 | Construir | House |
| 5:53 | Construir | House |
| 6:03 | Construir | House |
| 6:10 | Construir | House |
| 6:33 | Construir | Market |
| 6:50 | Construir | Castle |
| 7:29 | Crear | Spearman ×5 |
| 7:30 | Crear | Spearman ×5 |
| 7:30 | Crear | Spearman ×5 |
| 7:30 | Crear | Spearman ×5 |
| 7:31 | Crear | Spearman ×5 |
| 7:35 | Crear | Bombard Cannon ×5 |
| 7:36 | Crear | Bombard Cannon ×5 |
| 7:36 | Crear | Bombard Cannon ×2 |
| 7:36 | Crear | Bombard Cannon ×2 |
| 7:50 | Construir | Siege Workshop |
| 8:21 | Construir | Mining Camp |
| 8:39 | Construir | Town Center |
| 8:55 | Crear | Trade Cart ×5 |
| 8:55 | Crear | Trade Cart ×5 |
| 8:55 | Crear | Trade Cart ×5 |
| 8:55 | Crear | Trade Cart ×5 |
| 8:56 | Crear | Trade Cart ×5 |
| 8:56 | Crear | Trade Cart ×5 |
| 8:56 | Crear | Trade Cart ×5 |
| 8:57 | Crear | Trade Cart ×5 |
| 8:57 | Crear | Trade Cart ×5 |
| 8:57 | Crear | Trade Cart ×5 |
| 8:57 | Crear | Trade Cart ×5 |
| 8:58 | Crear | Trade Cart ×5 |
| 8:58 | Crear | Trade Cart ×5 |
| 8:58 | Crear | Trade Cart ×5 |
| 9:09 | Crear | Organ Gun ×5 |
| 9:09 | Crear | Organ Gun ×5 |
| 9:09 | Crear | Organ Gun ×5 |
| 9:09 | Crear | Organ Gun ×5 |
| 9:17 | Crear | Bombard Cannon ×5 |
| 9:17 | Crear | Bombard Cannon ×5 |
| 9:17 | Crear | Bombard Cannon ×5 |
| 9:18 | Crear | Bombard Cannon ×5 |
| 9:31 | Construir | Stone Wall |
| 9:38 | Construir | Gate |
| 10:04 | Construir | House |
| 10:04 | Construir | House |
| 10:04 | Construir | House |
| 10:05 | Construir | House |
| 10:05 | Construir | House |
| 10:07 | Construir | House |
| 10:07 | Construir | House |
| 10:07 | Construir | House |
| 10:08 | Construir | House |
| 10:08 | Construir | House |
| 10:09 | Construir | House |
| 10:10 | Construir | House |
| 10:11 | Construir | House |
| 10:11 | Construir | House |
| 10:12 | Construir | House |
| 10:13 | Construir | House |
| 10:13 | Construir | House |
| 10:14 | Construir | House |
| 10:14 | Construir | House |
| 10:14 | Construir | House |
| 10:30 | Construir | Mining Camp |
| 10:53 | Construir | Monastery |
| 11:20 | Construir | Gate |
| 11:29 | Crear | Bombard Cannon ×5 |
| 11:29 | Crear | Bombard Cannon ×5 |
| 11:30 | Crear | Bombard Cannon ×5 |
| 11:58 | Crear | Villager (Male) ×5 |
Build order — Chloe
Primeras 150 de 1575 acciones detectadas
| 0:13 | Construir | House |
| 0:15 | Construir | House |
| 0:16 | Construir | House |
| 0:18 | Construir | House |
| 0:19 | Construir | House |
| 0:20 | Construir | House |
| 0:21 | Construir | House |
| 0:23 | Construir | House |
| 0:33 | Construir | Town Center |
| 0:53 | Crear | Villager (Male) |
| 0:53 | Crear | Villager (Male) |
| 0:53 | Crear | Villager (Male) |
| 0:54 | Crear | Villager (Male) |
| 0:54 | Crear | Villager (Male) |
| 0:54 | Crear | Villager (Male) |
| 1:29 | Construir | Monastery |
| 1:49 | Construir | Stone Wall |
| 1:57 | Construir | Gate |
| 2:08 | Construir | House |
| 2:10 | Construir | House |
| 2:11 | Construir | House |
| 2:12 | Construir | House |
| 2:15 | Construir | House |
| 2:23 | Construir | House |
| 2:24 | Construir | House |
| 2:25 | Construir | House |
| 2:31 | Construir | House |
| 2:32 | Construir | House |
| 2:34 | Construir | House |
| 2:36 | Construir | House |
| 2:43 | Crear | Monk |
| 3:08 | Construir | Town Center |
| 3:13 | Crear | Villager (Male) |
| 3:14 | Crear | Villager (Male) |
| 3:14 | Crear | Villager (Male) |
| 3:14 | Crear | Villager (Male) |
| 3:17 | Crear | Villager (Male) ×5 |
| 3:17 | Crear | Villager (Male) ×5 |
| 3:18 | Crear | Villager (Male) ×5 |
| 3:18 | Crear | Villager (Male) ×5 |
| 3:29 | Crear | Monk |
| 4:06 | Construir | Stone Wall |
| 4:20 | Crear | Monk |
| 4:34 | Construir | Town Center |
| 5:22 | Crear | Monk |
| 5:41 | Crear | Villager (Male) ×5 |
| 5:41 | Crear | Villager (Male) ×5 |
| 5:42 | Crear | Villager (Male) ×5 |
| 5:46 | Crear | Villager (Male) ×5 |
| 5:46 | Crear | Villager (Male) ×5 |
| 5:46 | Crear | Villager (Male) ×5 |
| 5:56 | Construir | Market |
| 5:59 | Construir | Market |
| 6:02 | Construir | Market |
| 6:36 | Crear | Villager (Male) ×5 |
| 6:36 | Crear | Villager (Male) ×5 |
| 6:37 | Crear | Villager (Male) ×5 |
| 6:37 | Crear | Villager (Male) ×5 |
| 7:17 | Construir | Town Center |
| 7:32 | Crear | Villager (Male) ×2 |
| 7:32 | Crear | Villager (Male) ×2 |
| 7:56 | Construir | Lumber Camp |
| 8:04 | Construir | Monastery |
| 8:21 | Construir | Mining Camp |
| 8:47 | Construir | Mining Camp |
| 9:04 | Construir | Mining Camp |
| 9:24 | Construir | House |
| 9:26 | Construir | House |
| 9:27 | Construir | House |
| 9:31 | Construir | House |
| 9:34 | Construir | House |
| 11:01 | Construir | Mining Camp |
| 11:58 | Construir | Mining Camp |
| 12:34 | Construir | Town Center |
| 12:43 | Construir | Lumber Camp |
| 12:56 | Construir | Castle |
| 13:19 | Crear | Monk |
| 14:08 | Construir | Farm |
| 14:10 | Construir | Farm |
| 14:11 | Construir | Farm |
| 14:13 | Construir | Farm |
| 14:15 | Construir | Farm |
| 14:17 | Construir | Farm |
| 14:19 | Construir | Farm |
| 14:20 | Construir | Farm |
| 14:22 | Construir | Farm |
| 14:24 | Construir | Farm |
| 14:35 | Crear | Trade Cart ×5 |
| 14:36 | Crear | Trade Cart ×5 |
| 14:36 | Crear | Trade Cart ×5 |
| 14:36 | Crear | Trade Cart ×5 |
| 14:37 | Crear | Trade Cart ×5 |
| 14:37 | Crear | Trade Cart ×5 |
| 14:37 | Crear | Trade Cart |
| 15:05 | Construir | Siege Workshop |
| 15:07 | Construir | Siege Workshop |
| 15:10 | Construir | Siege Workshop |
| 15:33 | Construir | Barracks |
| 15:35 | Construir | Barracks |
| 15:37 | Construir | Barracks |
| 16:02 | Construir | Lumber Camp |
| 16:11 | Crear | Villager (Male) ×5 |
| 16:11 | Crear | Villager (Male) ×5 |
| 16:12 | Crear | Villager (Male) ×5 |
| 16:12 | Crear | Villager (Male) ×5 |
| 16:28 | Construir | Farm |
| 16:29 | Construir | Farm |
| 16:31 | Construir | Farm |
| 16:33 | Construir | Farm |
| 16:34 | Construir | Farm |
| 16:35 | Construir | Farm |
| 16:37 | Construir | Farm |
| 17:04 | Construir | Mining Camp |
| 17:14 | Construir | Stable |
| 17:16 | Construir | Stable |
| 17:19 | Construir | Stable |
| 17:20 | Construir | Stable |
| 17:37 | Construir | Lumber Camp |
| 17:46 | Construir | Lumber Camp |
| 18:06 | Crear | War Elephant ×5 |
| 18:07 | Crear | War Elephant ×5 |
| 18:07 | Crear | War Elephant ×5 |
| 18:07 | Crear | War Elephant ×5 |
| 18:14 | Crear | Mangonel ×5 |
| 18:14 | Crear | Mangonel ×5 |
| 18:15 | Crear | Mangonel ×5 |
| 18:55 | Construir | Castle |
| 19:05 | Construir | Castle |
| 19:22 | Crear | Villager (Male) ×5 |
| 19:23 | Crear | Villager (Male) ×5 |
| 19:23 | Crear | Villager (Male) ×5 |
| 19:23 | Crear | Villager (Male) ×5 |
| 19:23 | Crear | Villager (Male) |
| 19:42 | Construir | Mining Camp |
| 19:50 | Construir | Farm |
| 21:03 | Construir | Farm |
| 21:05 | Construir | Farm |
| 21:23 | Construir | Castle |
| 21:48 | Construir | Barracks |
| 21:50 | Construir | Barracks |
| 21:54 | Crear | War Elephant ×5 |
| 21:55 | Crear | War Elephant ×5 |
| 21:55 | Crear | War Elephant ×5 |
| 21:55 | Crear | War Elephant ×5 |
| 21:56 | Crear | War Elephant ×5 |
| 21:56 | Crear | War Elephant ×5 |
| 21:56 | Crear | War Elephant |
| 22:17 | Construir | Siege Workshop |
| 22:20 | Construir | Siege Workshop |
| 22:21 | Construir | Siege Workshop |
Build order — WNxkl
Primeras 150 de 1129 acciones detectadas
| 0:02 | Crear | Villager (Male) |
| 0:02 | Crear | Villager (Male) |
| 0:02 | Crear | Villager (Male) |
| 0:03 | Crear | Villager (Male) |
| 0:06 | Construir | Town Center |
| 0:11 | Construir | House |
| 0:13 | Construir | House |
| 0:15 | Construir | House |
| 0:17 | Construir | House |
| 0:19 | Construir | House |
| 0:20 | Construir | House |
| 0:21 | Construir | House |
| 0:22 | Construir | House |
| 0:28 | Construir | Market |
| 0:29 | Construir | Market |
| 0:31 | Construir | Market |
| 0:37 | Construir | Market |
| 0:38 | Construir | Market |
| 0:38 | Construir | Market |
| 0:39 | Construir | Market |
| 0:41 | Construir | Market |
| 0:41 | Construir | Market |
| 0:41 | Construir | Market |
| 0:42 | Construir | Market |
| 0:42 | Construir | Market |
| 0:42 | Construir | Market |
| 0:44 | Construir | Market |
| 0:45 | Construir | Market |
| 0:45 | Construir | Market |
| 0:45 | Construir | Market |
| 0:54 | Construir | House |
| 0:57 | Construir | House |
| 0:58 | Construir | House |
| 1:01 | Construir | House |
| 1:02 | Construir | House |
| 1:04 | Construir | House |
| 1:05 | Construir | House |
| 1:06 | Construir | House |
| 1:07 | Construir | House |
| 1:08 | Construir | House |
| 1:09 | Construir | House |
| 1:15 | Construir | Town Center |
| 1:21 | Crear | Villager (Male) |
| 1:21 | Crear | Villager (Male) |
| 1:21 | Crear | Villager (Male) |
| 1:24 | Construir | Town Center |
| 1:27 | Crear | Villager (Male) |
| 1:27 | Crear | Villager (Male) |
| 1:28 | Crear | Villager (Male) |
| 1:36 | Construir | Stone Wall |
| 1:40 | Construir | Gate |
| 1:42 | Construir | Gate |
| 1:44 | Crear | Villager (Male) |
| 1:44 | Crear | Villager (Male) |
| 1:44 | Crear | Villager (Male) |
| 1:50 | Construir | Town Center |
| 1:51 | Crear | Villager (Male) |
| 1:51 | Crear | Villager (Male) |
| 1:55 | Construir | Town Center |
| 1:58 | Crear | Villager (Male) |
| 1:58 | Crear | Villager (Male) |
| 2:05 | Crear | Trade Cart |
| 2:06 | Crear | Trade Cart |
| 2:06 | Crear | Trade Cart |
| 2:07 | Crear | Trade Cart |
| 2:07 | Crear | Trade Cart |
| 2:08 | Crear | Villager (Male) |
| 2:09 | Crear | Villager (Male) |
| 2:09 | Crear | Villager (Male) |
| 2:09 | Crear | Villager (Male) |
| 2:10 | Crear | Villager (Male) |
| 2:10 | Crear | Villager (Male) |
| 2:12 | Crear | Villager (Male) |
| 2:12 | Crear | Villager (Male) |
| 2:21 | Construir | House |
| 2:22 | Construir | House |
| 2:23 | Construir | House |
| 2:24 | Construir | House |
| 2:26 | Construir | House |
| 2:27 | Construir | House |
| 2:30 | Construir | House |
| 2:31 | Construir | House |
| 2:31 | Construir | House |
| 2:33 | Construir | House |
| 2:40 | Construir | Mining Camp |
| 2:41 | Crear | Villager (Male) |
| 2:41 | Crear | Villager (Male) |
| 2:42 | Crear | Villager (Male) |
| 2:42 | Crear | Villager (Male) |
| 2:43 | Crear | Villager (Male) |
| 2:52 | Crear | Villager (Male) |
| 2:53 | Crear | Villager (Male) |
| 2:53 | Crear | Villager (Male) |
| 2:54 | Crear | Villager (Male) |
| 2:54 | Crear | Villager (Male) |
| 2:54 | Crear | Villager (Male) |
| 2:57 | Crear | Trade Cart ×5 |
| 2:57 | Crear | Trade Cart ×5 |
| 2:57 | Crear | Trade Cart ×5 |
| 3:00 | Crear | Villager (Male) |
| 3:00 | Crear | Villager (Male) |
| 3:03 | Construir | Market |
| 3:05 | Construir | Market |
| 3:06 | Construir | Market |
| 3:07 | Construir | Market |
| 3:14 | Crear | Villager (Male) |
| 3:14 | Crear | Villager (Male) |
| 3:15 | Crear | Villager (Male) |
| 3:15 | Crear | Villager (Male) |
| 3:16 | Crear | Villager (Male) |
| 3:19 | Crear | Trade Cart ×5 |
| 3:19 | Crear | Trade Cart ×5 |
| 3:20 | Crear | Villager (Male) ×5 |
| 3:21 | Crear | Villager (Male) ×5 |
| 3:27 | Construir | Mining Camp |
| 3:29 | Crear | Villager (Male) |
| 3:29 | Crear | Villager (Male) |
| 3:29 | Crear | Villager (Male) |
| 3:33 | Crear | Villager (Male) |
| 3:41 | Construir | Mining Camp |
| 3:43 | Crear | Villager (Male) |
| 3:43 | Crear | Villager (Male) |
| 3:43 | Crear | Villager (Male) |
| 3:44 | Crear | Villager (Male) |
| 3:46 | Crear | Villager (Male) |
| 3:47 | Crear | Villager (Male) |
| 3:48 | Crear | Trade Cart |
| 3:48 | Crear | Trade Cart |
| 3:49 | Crear | Trade Cart |
| 3:49 | Crear | Trade Cart |
| 3:49 | Crear | Trade Cart |
| 3:50 | Crear | Trade Cart |
| 3:50 | Crear | Trade Cart |
| 3:51 | Crear | Villager (Male) |
| 3:52 | Crear | Villager (Male) |
| 4:00 | Construir | Mining Camp |
| 4:01 | Crear | Villager (Male) |
| 4:02 | Crear | Villager (Male) |
| 4:02 | Crear | Villager (Male) |
| 4:03 | Crear | Villager (Male) |
| 4:06 | Crear | Villager (Male) |
| 4:06 | Crear | Villager (Male) |
| 4:06 | Crear | Villager (Male) |
| 4:08 | Crear | Villager (Male) |
| 4:08 | Crear | Villager (Male) |
| 4:17 | Construir | Mining Camp |
| 4:18 | Crear | Villager (Male) |
| 4:18 | Crear | Villager (Male) |
| 4:19 | Crear | Villager (Male) |
| 4:21 | Crear | Trade Cart |
Cronología de la partida
| 0:15 | Gen_Medic · first_building Castle |
| 0:23 | 420_GonZo · first_market_buy 100 stone |
| 0:25 | 420_GonZo · first_market_sell 500 food |
| 0:34 | Baby · wall_segment Stone Wall x18 |
| 0:37 | SOMEONE HERE · first_market_buy 500 stone |
| 0:38 | SOMEONE HERE · first_market_sell 100 food |
| 0:54 | 420_GonZo · first_building Siege Workshop |
| 1:29 | Chloe · first_building Monastery |
| 1:36 | WNxkl · wall_segment Stone Wall x27 |
| 1:49 | Chloe · wall_segment Stone Wall x16 |
| 1:57 | LUIS X EL SADICO · first_building Castle |
| 2:07 | Gen_Medic · first_building Monastery |
| 2:08 | LUIS X EL SADICO · first_building Stable |
| 2:40 | LUIS X EL SADICO · wall_segment Stone Wall x16 |
| 2:46 | SOMEONE HERE · first_building Monastery |
| 2:48 | LUIS X EL SADICO · first_building Barracks |
| 3:38 | Mauzic · wall_segment Stone Wall x13 |
| 4:04 | SOMEONE HERE · first_building Barracks |
| 4:06 | Chloe · wall_segment Stone Wall x1 |
| 4:17 | Baby · first_building Siege Workshop |
| 4:22 | Baby · first_building Barracks |
| 4:38 | SOMEONE HERE · first_building Castle |
| 4:52 | WNxkl · first_building Siege Workshop |
| 5:26 | Gen_Medic · first_building Barracks |
| 5:29 | 420_GonZo · first_building Monastery |
| 5:33 | 420_GonZo · first_building Archery Range |
| 5:36 | Gen_Medic · first_building Stable |
| 5:36 | 420_GonZo · first_building Barracks |
| 5:47 | Gen_Medic · first_building Siege Workshop |
| 6:11 | SOMEONE HERE · first_building Siege Workshop |
| 6:29 | SOMEONE HERE · first_building Stable |
| 6:50 | Baby · first_building Castle |
| 7:56 | WNxkl · first_building Castle |
| 8:44 | LUIS X EL SADICO · first_building Siege Workshop |
| 9:31 | Baby · wall_segment Stone Wall x22 |
| 10:30 | SOMEONE HERE · wall_segment Stone Wall x4 |
| 10:50 | WNxkl · first_market_buy 500 stone |
| 10:53 | Baby · first_building Monastery |
| 12:55 | Mauzic · wall_segment Stone Wall x95 |
| 12:56 | Chloe · first_building Castle |
| 13:22 | Mauzic · wall_segment Stone Wall x4 |
| 13:27 | Mauzic · wall_segment Stone Wall x6 |
| 13:29 | Mauzic · wall_segment Stone Wall x6 |
| 13:32 | Mauzic · wall_segment Stone Wall x3 |
| 13:37 | Mauzic · wall_segment Stone Wall x5 |
| 13:42 | Mauzic · wall_segment Stone Wall x2 |
| 13:49 | Mauzic · wall_segment Stone Wall x22 |
| 13:51 | Mauzic · wall_segment Stone Wall x4 |
| 13:57 | Mauzic · wall_segment Stone Wall x12 |
| 14:00 | Mauzic · wall_segment Stone Wall x14 |
| 14:38 | Chloe · first_market_sell 500 food |
| 14:55 | 420_GonZo · first_building Castle |
| 15:01 | Gen_Medic · wall_segment Stone Wall x11 |
| 15:04 | Gen_Medic · wall_segment Stone Wall x8 |
| 15:05 | Chloe · first_building Siege Workshop |
| 15:06 | Gen_Medic · wall_segment Stone Wall x6 |
| 15:08 | Gen_Medic · wall_segment Stone Wall x4 |
| 15:33 | Chloe · first_building Barracks |
| 16:04 | Baby · first_building Stable |
| 17:14 | Chloe · first_building Stable |
| 18:15 | WNxkl · wall_segment Stone Wall x35 |
| 20:29 | 420_GonZo · wall_segment Stone Wall x8 |
| 20:30 | Mauzic · wall_segment Stone Wall x13 |
| 20:35 | 420_GonZo · wall_segment Stone Wall x8 |
| 20:44 | Mauzic · first_building Siege Workshop |
| 20:54 | Mauzic · first_building Barracks |
| 23:39 | Mauzic · wall_segment Stone Wall x24 |
| 24:05 | Mauzic · wall_segment Stone Wall x39 |
| 24:09 | Mauzic · wall_segment Stone Wall x10 |
| 25:21 | LUIS X EL SADICO · first_market_sell 100 food |
| 25:25 | Mauzic · wall_segment Stone Wall x8 |
| 25:50 | Mauzic · wall_segment Stone Wall x1 |
| 25:51 | Mauzic · wall_segment Stone Wall x1 |
| 26:06 | Gen_Medic · first_market_buy 100 stone |
| 26:14 | LUIS X EL SADICO · wall_segment Stone Wall x20 |
| 26:15 | Mauzic · wall_segment Stone Wall x18 |
| 26:57 | WNxkl · first_building Archery Range |
| 27:47 | Mauzic · wall_segment Stone Wall x4 |
| 27:54 | Mauzic · wall_segment Stone Wall x29 |
| 28:25 | Mauzic · wall_segment Stone Wall x35 |
| 28:42 | Mauzic · wall_segment Stone Wall x16 |
| 29:04 | Mauzic · wall_segment Stone Wall x46 |
| 29:14 | Mauzic · wall_segment Stone Wall x45 |
| 30:44 | Mauzic · first_building Castle |
| 34:45 | Mauzic · wall_segment Stone Wall x47 |
| 36:37 | 420_GonZo · wall_segment Stone Wall x2 |
| 36:50 | 420_GonZo · wall_segment Stone Wall x6 |
| 36:53 | 420_GonZo · wall_segment Stone Wall x7 |
| 42:22 | Mauzic · wall_segment Stone Wall x10 |
| 42:29 | Mauzic · wall_segment Stone Wall x9 |
| 42:33 | WNxkl · first_building Barracks |
| 43:15 | Mauzic · wall_segment Stone Wall x30 |
| 44:07 | Mauzic · wall_segment Stone Wall x3 |
| 44:38 | LUIS X EL SADICO · first_building Archery Range |
| 47:39 | SOMEONE HERE · first_building Archery Range |
| 55:39 | Mauzic · wall_segment Stone Wall x3 |
| 62:59 | LUIS X EL SADICO · resign |
| 63:27 | WNxkl · wall_segment Stone Wall x33 |
| 64:56 | Gen_Medic · wall_segment Stone Wall x23 |
| 65:00 | WNxkl · wall_segment Stone Wall x28 |
| 65:03 | Gen_Medic · wall_segment Stone Wall x13 |
| 65:04 | Gen_Medic · wall_segment Stone Wall x1 |
| 65:15 | Baby · wall_segment Stone Wall x5 |
| 66:25 | Gen_Medic · wall_segment Stone Wall x10 |
| 66:30 | Gen_Medic · wall_segment Stone Wall x10 |
| 66:30 | Gen_Medic · wall_segment Stone Wall x1 |
| 68:42 | Gen_Medic · wall_segment Stone Wall x15 |
| 68:47 | Gen_Medic · wall_segment Stone Wall x19 |
| 68:55 | Gen_Medic · wall_segment Stone Wall x10 |
| 68:57 | Gen_Medic · wall_segment Stone Wall x12 |
| 77:10 | Gen_Medic · wall_segment Stone Wall x10 |
| 77:11 | Gen_Medic · wall_segment Stone Wall x1 |
| 79:52 | WNxkl · tribute_sent a jugador 1 |
| 79:52 | WNxkl · tribute_sent a jugador 2 |
| 79:52 | WNxkl · tribute_sent a jugador 3 |
| 79:52 | WNxkl · tribute_sent a jugador 4 |
| 79:52 | WNxkl · tribute_sent a jugador 5 |
| 79:52 | WNxkl · tribute_sent a jugador 6 |
| 79:52 | WNxkl · tribute_sent a jugador 7 |
| 80:13 | WNxkl · tribute_sent a jugador 1 |
| 80:13 | WNxkl · tribute_sent a jugador 2 |
| 80:13 | WNxkl · tribute_sent a jugador 3 |
| 80:13 | WNxkl · tribute_sent a jugador 4 |
| 80:13 | WNxkl · tribute_sent a jugador 5 |
| 80:13 | WNxkl · tribute_sent a jugador 6 |
| 80:13 | WNxkl · tribute_sent a jugador 7 |
| 80:20 | Gen_Medic · wall_segment Stone Wall x6 |
| 80:30 | Gen_Medic · wall_segment Stone Wall x17 |
| 87:02 | SOMEONE HERE · tribute_sent a jugador 1 |
| 87:02 | SOMEONE HERE · tribute_sent a jugador 2 |
| 87:02 | SOMEONE HERE · tribute_sent a jugador 3 |
| 87:02 | SOMEONE HERE · tribute_sent a jugador 5 |
| 87:02 | SOMEONE HERE · tribute_sent a jugador 6 |
| 87:02 | SOMEONE HERE · tribute_sent a jugador 7 |
| 87:02 | SOMEONE HERE · tribute_sent a jugador 8 |
| 87:30 | SOMEONE HERE · tribute_sent a jugador 1 |
| 87:30 | SOMEONE HERE · tribute_sent a jugador 2 |
| 87:30 | SOMEONE HERE · tribute_sent a jugador 3 |
| 87:30 | SOMEONE HERE · tribute_sent a jugador 5 |
| 87:30 | SOMEONE HERE · tribute_sent a jugador 6 |
| 87:30 | SOMEONE HERE · tribute_sent a jugador 7 |
| 87:30 | SOMEONE HERE · tribute_sent a jugador 8 |
| 91:38 | SOMEONE HERE · tribute_sent a jugador 1 |
| 91:38 | SOMEONE HERE · tribute_sent a jugador 2 |
| 91:38 | SOMEONE HERE · tribute_sent a jugador 3 |
| 91:38 | SOMEONE HERE · tribute_sent a jugador 5 |
| 91:38 | SOMEONE HERE · tribute_sent a jugador 6 |
| 91:38 | SOMEONE HERE · tribute_sent a jugador 7 |
| 91:38 | SOMEONE HERE · tribute_sent a jugador 8 |
| 94:02 | SOMEONE HERE · tribute_sent a jugador 1 |
| 94:02 | SOMEONE HERE · tribute_sent a jugador 2 |
| 94:02 | SOMEONE HERE · tribute_sent a jugador 3 |
| 94:02 | SOMEONE HERE · tribute_sent a jugador 5 |
| 94:02 | SOMEONE HERE · tribute_sent a jugador 6 |
| 94:02 | SOMEONE HERE · tribute_sent a jugador 7 |
| 94:02 | SOMEONE HERE · tribute_sent a jugador 8 |
| 101:48 | SOMEONE HERE · wall_segment Stone Wall x18 |
| 101:52 | SOMEONE HERE · wall_segment Stone Wall x10 |
[ ANÁLISIS IA · 1 CRÉDITO ]
¿Qué pasó realmente en esta partida?
Wolo.gg analiza cada decisión: build order, eco, micro, errores típicos por bracket. Análisis personalizado por WhatsApp o Discord en 30 segundos.
Guía civ
Bohemios
Guía mapa
Amazon Tunnel
Perfil
420_GonZo